 Dungeon Crawl Stone Soup version 0.30.0-5-g1a98f26d00 (webtiles) character file.

Game seed: 14375032382480919602

3700 Tirrikindir the Carver (level 10, -3/66 HPs)
             Began as an Octopode Fighter on May 10, 2023.
             Was the Champion of Elyvilon.
             Slain by a yak (16 damage)
             ... on level 8 of the Dungeon on May 11, 2023.
             The game lasted 00:25:59 (8084 turns).

Tirrikindir the Carver (Octopode Fighter)           Turns: 8084, Time: 00:25:59

Health: -3/66      AC:  1    Str: 17    XL:     10   Next: 13%
Magic:  11/11      EV: 14    Int: 10    God:    Elyvilon [******]
Gold:   429        SH:  6    Dex: 15    Spells: 9/9 levels left

rFire   + . .        a - +1 long sword
rCold   + + .        b - +1 buckler
rNeg    . . .        (helmet restricted)
rPois   +            (no amulet)
rElec   .            f - ring of protection from cold
rCorr   .            A - ring of willpower
SInv    +            k - ring of wizardry
Will    +....        n - ring of poison resistance
Stlth   ++++         G - +4 ring of slaying
HPRegen 0.31/turn    (no ring)
MPRegen 0.12/turn    (no ring)
                     (no ring)

%: wizardry (x1)
@: invisible
A: almost no armour, amphibious, 8 rings, camouflage 1, gelatinous body 1,
(nimble swimmer 1), tentacles, antennae 1, see invisible, cold resistance 1,
fire resistance 1, low MP 1
a: Renounce Religion, Purification, Heal Other, Heal Self, Divine Vigour


You were on level 8 of the Dungeon.
You worshipped Elyvilon.
Elyvilon was exalted by your worship.
You visited 2 branches of the dungeon, and saw 9 of its levels.
You also visited: Sewer.

You collected 429 gold pieces.

Inventory:

Hand Weapons
 a - a +1 long sword (weapon)
 m - a +4 rapier of flaming
 v - a +2 war axe of flaming
Missiles
 h - 13 boomerangs (quivered)
Armour
 b - a +1 buckler (worn)
Jewellery
 e - an amulet of faith
 f - a ring of protection from cold (left tentacle)
 k - a ring of wizardry (on tentacle)
 n - a ring of poison resistance (on tentacle)
 A - a ring of willpower (right tentacle)
 G - a +4 ring of slaying (on tentacle)
Wands
 l - a wand of mindburst (11)
 p - a wand of flame (23)
 s - a wand of digging (5)
 C - a wand of roots (7)
Scrolls
 d - 8 scrolls of teleportation
 j - 2 scrolls of immolation
 q - 3 scrolls of silence
 u - a scroll of vulnerability {unknown}
 x - 2 scrolls of enchant weapon
 D - a scroll of butterflies {unknown}
 E - a scroll of amnesia {unknown}
 H - 2 scrolls of poison
Potions
 c - a potion of magic
 g - 7 potions of flight
 i - 4 potions of cancellation
 o - a potion of mutation
 r - 2 potions of invisibility
 w - 3 potions of brilliance
 z - 3 potions of ambrosia {unknown}
 B - 3 potions of heal wounds {unknown}
Miscellaneous
 y - a phial of floods


   Skills:
 * Level 5.5 Fighting
 * Level 10.2 Long Blades
 * Level 4.7 Dodging
 * Level 7.0 Stealth
 * Level 4.7 Shields
 - Level 4.0 Invocations
 + Level 3.5 Evocations


You had 9 spell levels left.
You didn't know any spells.
Your spell library contained the following spells:

 Spells                   Type           Power      Damage    Failure   Level
 Dazzling Flash           Conj/Hex       0%         N/A       47%         3
 Volatile Blastmotes      Fire/Tloc      0%         2d10      47%         3
 Iskenderun's Mystic Bla  Conj/Tloc      0%         2d3       86%         4
 Iskenderun's Battlesphe  Conj           0%         2d6       99%         5
 Iron Shot                Conj/Erth      0%         9d1       100%        6
 Starburst                Conj/Fire      0%         6d3       100%        6
 Spellforged Servitor     Conj/Summ      0%         N/A       100%        7


Dungeon Overview and Level Annotations

Branches:
Dungeon (8/15)             Temple (1/1) D:4           Sewer (visited)
   Lair: D:8-11

Altars:
Ashenzari
Cheibriados
Dithmenos
Elyvilon
Fedhas
Kikubaaqudgha
Makhleb
Nemelex Xobeh
Sif Muna
Trog
Vehumet
Wu Jian
Xom
Yredelemnul
Zin

Annotations:
D:4 4 runed translucent doors


Innate Abilities, Weirdness & Mutations

You cannot wear most types of armour.
You are amphibious.
You can wear up to eight rings at the same time.
Your skin changes colour to match your surroundings (Stealth+).
Your rubbery body absorbs attacks. (AC +1, EV +1)
((You are camouflaged when in or above water. (Stealth+)))
You have tentacles for arms and can constrict up to eight enemies at once.
You have a pair of small antennae on your head.
You have supernaturally acute eyesight. (SInv)
Your flesh is cold resistant. (rC+)
Your flesh is heat resistant. (rF+)
Your magical capacity is low. (-10% MP)


Message History

The yak closely misses you.
You slash the yak!
The yak is heavily wounded.
The yak misses you.
You closely miss the yak.
The yak is heavily wounded.
The yak completely misses you.
You slash the yak! You squeeze the yak, but do no damage.
The yak is almost dead.
The yak gores you!
You hit the yak.
The yak is almost dead.
The yak gores you!
You barely miss the yak.
The yak is almost dead.
The yak misses you.
You hit the yak but do no damage. You squeeze the yak.
You kill the yak!
You hit the yak.
The yak is lightly wounded.
The yak closely misses you.
You hit the yak. You squeeze the yak!
The yak is heavily wounded.
The yak gores you!
* * * LOW HITPOINT WARNING * * *
It was a potion of invisibility.
You fade into invisibility!
The yak gores you! Elyvilon protects you from harm!
You catch the helpless yak completely off-guard!
You slash the yak!
The yak is almost dead.
The yak completely misses you.
You strike the helpless yak from behind!
You slash the yak!
You kill the yak!
Your Stealth skill increases to level 7!
You closely miss the yak. You squeeze the yak, but do no damage.
The yak gores you!
You die...

######.###.#.#.#...
#.# #.....#... #.#
#.#.###...
#####.###.#.###...
#..†..............
#.##..###.#.###...
#.##..# #.#.# #..#
#.##Y.# #.........
#@##..# ###.###...
#Y##..# #.......
#.##..#####.......
#.##..... .......
#.# ..# #.##Y..##.
#...Y.....
#..#...### #...
.....


You could see a yak (unable to see you).

Vanquished Creatures
  4 yaks (D:8)
  Edmund (D:4)
  Duvessa (D:6)
  3 black bears
  2 orc warriors (D:7)
  6 ice beasts
  3 ogres
  2 phantoms
  3 bullfrogs
  A gnoll sergeant (D:6)
  2 scorpions
  Dowan (D:6)
  3 hounds
  3 jellies
  Crazy Yiuf (D:3)
  5 orc priests
  A sleepcap (D:6)
  3 iguanas
  Ijyb (D:5)
  6 orc wizards
  13 gnolls
  9 adders
  4 river rats (Sewer)
  2 shadow imps
  A white imp (D:5)
  2 ufetubi
  5 worms
  4 dart slugs
  24 orcs
  20 ball pythons
  5 endoplasms
  12 giant cockroaches
  3 hobgoblins
  4 jackals (Sewer)
  3 kobolds
  8 quokkas
  11 bats
  6 frilled lizards
  7 goblins
  8 rats
203 creatures vanquished.

Notes
Turn   | Place    | Note
-------+----------+-------------------------------------------
     0 | D:1      | Tirrikindir the Octopode Fighter began the quest for the
                  | Orb.
     0 | D:1      | Reached XP level 1. HP: 16/16 MP: 1/1
    62 | D:1      | Found a faded altar of an unknown god.
    73 | D:1      | Reached XP level 2. HP: 20/21 MP: 2/2
    90 | D:1      | Prayed at the altar of an unknown god.
    90 | D:1      | Became a worshipper of Elyvilon the Healer
    90 | D:1      | Reached * piety under Elyvilon
   111 | D:1      | Reached skill level 1 in Stealth
   286 | D:1      | Gained mutation: You expend magic power (3 MP) to
                  | strengthen your wands. [potion of mutation]
   286 | D:1      | Gained mutation: You have a pair of small antennae on your
                  | head. [potion of mutation]
   313 | D:1      | Reached XP level 3. HP: 25/26 MP: 3/3
   526 | D:2      | HP: 1/26 [worm (9)]
   664 | D:2      | Reached ** piety under Elyvilon
  1460 | D:3      | Reached *** piety under Elyvilon
  1467 | D:3      | Reached XP level 4. HP: 21/31 MP: 4/4
  1608 | D:3      | Reached skill level 3 in Long Blades
  1645 | D:3      | Reached skill level 1 in Invocations
  1761 | D:3      | Lost mutation: You expend magic power (3 MP) to strengthen
                  | your wands. [potion of mutation]
  1761 | D:3      | Lost mutation: You have a pair of small antennae on your
                  | head. [potion of mutation]
  1761 | D:3      | Gained mutation: Your magical capacity is low. (-10% MP)
                  | [potion of mutation]
  1761 | D:3      | Gained mutation: You have hidden genetic potential. [potion
                  | of mutation]
  1761 | D:3      | Gained mutation: You have a pair of small antennae on your
                  | head. [potion of mutation]
  1869 | D:3      | Reached XP level 5. HP: 12/36 MP: 5/5
  2028 | D:3      | Noticed a phantom
  2034 | D:3      | Killed a phantom
  2035 | D:3      | Reached skill level 1 in Evocations
  2041 | D:3      | Gained mutation: You have great hidden genetic potential.
                  | [hidden potential]
  2084 | D:3      | Found a runed translucent door.
  2085 | D:3      | Noticed Crazy Yiuf
  2091 | D:3      | Killed Crazy Yiuf
  2092 | D:3      | Reached XP level 6. HP: 42/42 MP: 6/6
  2299 | D:4      | Noticed Edmund
  2311 | D:4      | Killed Edmund
  2312 | D:4      | Reached skill level 4 in Long Blades
  2318 | D:4      | Gained mutation: Your flesh is cold resistant. (rC+)
                  | [hidden potential]
  2318 | D:4      | Lost mutation: You have great hidden genetic potential.
                  | [hidden potential expressed]
  2443 | D:4      | Noticed an ice beast
  2461 | D:4      | HP: 2/43 [ice beast (4)]
  2464 | D:4      | Killed an ice beast
  2465 | D:4      | Reached XP level 7. HP: 15/48 MP: 6/7
  2614 | D:4      | Found a staircase to the Ecumenical Temple.
  2616 | D:4      | Reached **** piety under Elyvilon
  2637 | Temple   | Entered the Ecumenical Temple
  2902 | D:4      | Gained mutation: You have supernaturally acute eyesight.
                  | (SInv) [hidden potential]
  3097 | D:4      | Found a large runed translucent door.
  3097 | D:4      | Found a large runed translucent door.
  3153 | D:4      | Reached skill level 5 in Long Blades
  3322 | D:4      | Found a large runed translucent door.
  3322 | D:4      | Found a large runed translucent door.
  3345 | D:4      | Reached XP level 8. HP: 26/54 MP: 9/9
  3380 | D:4      | Reached skill level 5 in Stealth
  3771 | D:5      | Entered Level 5 of the Dungeon
  3813 | D:5      | Noticed Ijyb
  3820 | D:5      | Killed Ijyb
  3827 | D:5      | Gained mutation: Your flesh is heat resistant. (rF+)
                  | [hidden potential]
  3827 | D:5      | Lost mutation: You have hidden genetic potential. [hidden
                  | potential expressed]
  4079 | D:5      | Reached skill level 6 in Long Blades
  4875 | D:5      | Reached ***** piety under Elyvilon
  5083 | D:6      | Reached skill level 5 in Fighting
  5083 | D:6      | Reached skill level 7 in Long Blades
  5099 | D:6      | Found a glowing drain.
  5119 | Sewer    | Entered a sewer
  5208 | Sewer    | Reached XP level 9. HP: 56/61 MP: 10/10
  5676 | D:6      | Reached skill level 8 in Long Blades
  6248 | D:6      | Noticed Dowan
  6252 | D:6      | Noticed Duvessa
  6259 | D:6      | HP: 3/91 [Duvessa/+4 rapier of flaming (11)]
  6261 | D:6      | Killed Duvessa
  6261 | D:6      | Elyvilon protects you from harm!
  6262 | D:6      | Reached skill level 9 in Long Blades
  6265 | D:6      | Killed Dowan
  6860 | D:7      | HP: 1/61 [orc warrior/+0 glaive (10)]
  7210 | D:7      | Reached skill level 10 in Long Blades
  7920 | D:8      | Found a shadowy altar of Dithmenos.
  8007 | D:8      | Reached ****** piety under Elyvilon
  8046 | D:8      | Reached XP level 10. HP: 53/66 MP: 11/11
  8078 | D:8      | Elyvilon protects you from harm!
  8084 | D:8      | Slain by a yak

Illustrated notes

Levels and vault maps discovered:
D:1:      scummos_arrival_checkerplants, layout_basic, basic_ecumenical_altar
D:2:      layout_basic, grunt_decor_cap, hangedman_decor_push, nicolae_wormholes
D:3:      layout_basic, minmay_circle_x, uniq_crazy_yiuf_cottage
D:4:      layout_rooms, minmay_temple_entry_sparse_star,
          minmay_hollow_rounded_squares, uniq_edmund
D:5:      layout_basic, uniq_ijyb
D:6:      layout_gridville, gup_sewer_entry_pipe, minmay_misc_feat_nine_boxes,
          uniq_duvessa
D:7:      layout_loops_ring
D:8:      layout_basic, pf_just_have_faith, mainiacjoe_overflow_tiny_flanked,
          mainiacjoe_overflow_cross_hatched, minmay_overflow_temple_star_hex,
          uniq_pikel, uniq_maggie
Temple:   nicolae_temple_bog_church

Skill      XL: |  1  2  3  4  5  6  7  8  9 10 |
---------------+-------------------------------+-----
Stealth        | 1 2 3 4 6 7 |  7.0
Long Blades    | 3 4 5 7 10 | 10.2
Invocations    | 1 2 3 4 |  4.0
Evocations     | 1 2 3 |  3.5
Fighting       | 4 5 |  5.5
Shields        | 4 |  4.7
Dodging        | 4 |  4.7

Action                     |  1- 3 |  4- 6 |  7- 9 | 10-12 || total
---------------------------+-------+-------+-------+-------++-------
  Melee: Long sword        |    67 |    69 |   296 |    17 ||   449
         Constrict         |    16 |    12 |    72 |       ||   100
         Tentacles         |     9 |    11 |    69 |     4 ||    93
         Punch             |       |       |     8 |       ||     8
  Throw: Boomerang         |     1 |     6 |    23 |     3 ||    33
  Evoke: Phial of floods   |       |       |     1 |       ||     1
    Use: Scroll            |     4 |     5 |    10 |       ||    19
         Potion            |     1 |     5 |     3 |     1 ||    10
   Stab: Sleeping          |     9 |     1 |    20 |       ||    30
         Distracted        |       |       |     1 |       ||     1
         Invisible         |       |       |       |     2 ||     2
 Armour: Skin              |     5 |     8 |    11 |       ||    24
  Dodge: Dodged            |    29 |    60 |   160 |     7 ||   256
  Block: Buckler           |    16 |    26 |    54 |     2 ||    98
